 Dungeon Crawl Stone Soup version 0.17-a0-1210-g1e4f09d (webtiles) character file.

205 Hanyuu the Chopper (level 5, -10/45 HPs)
             Began as a Hill Orc Gladiator on June 3, 2015.
             Mangled by an iguana (13 damage)
             ... on level 4 of the Dungeon.
             The game lasted 00:08:04 (2550 turns).

Hanyuu the Chopper (Hill Orc Gladiator)             Turns: 2550, Time: 00:08:04

Health: -10/45     AC:  8    Str: 18    XL:     5   Next: 83%
Magic:  5/5        EV: 12    Int:  9    God:
Gold:   250        SH:  0    Dex: 11    Spells: 0 memorised, 4 levels left

rFire  . . .     SeeInvis .     a - +0 war axe
rCold  . . .     Clarity  .     b - +0 leather armour
rNeg   . . .     SustAt   .     (no shield)
rPois  .         Gourm    +     c - +0 helmet
rElec  .         Spirit   .     g - +2 cloak
rCorr  .         Warding  .     i - +0 pair of gloves
rMut   .         Stasis   .     (no boots)
MR     .....                    n - amulet of the gourmand
Stlth  +.........               (no ring)
                                (no ring)

@: not resistant to hostile enchantments, very unstealthy
A: no striking features
a: no special abilities


You were on level 4 of the Dungeon.
You were completely stuffed.

You visited 1 branch of the dungeon, and saw 4 of its levels.

You collected 250 gold pieces.

Inventory:

Hand weapons
 a - a +0 war axe (weapon)
Missiles
 d - 3 throwing nets
 k - 6 tomahawks
 r - 5 tomahawks of returning
 t - 8 javelins (quivered)
Armour
 b - a +0 leather armour (worn)
 c - a +0 helmet (worn)
 g - a +2 cloak (worn)
 i - a +0 pair of gloves (worn)
 z - a +0 ring mail
Jewellery
 n - an amulet of the gourmand (around neck)
Magical devices
 u - a wand of frost (19)
Scrolls
 e - 2 scrolls of remove curse {unknown}
 f - a scroll of teleportation
 h - a scroll of enchant weapon {unknown}
 j - a scroll of enchant armour {unknown}
 y - a scroll of fog {unknown}
Potions
 m - a potion of cancellation {unknown}
 o - a potion of lignification {unknown}
 p - a potion of degeneration {unknown}
 q - a potion of brilliance
 s - a potion of curing
 v - a potion of flight {unknown}
Comestibles
 l - 2 slices of pizza
 w - 5 chunks of flesh
 x - a bread ration


   Skills:
 + Level 3.4 Fighting
 * Level 7.3 Axes
 - Level 2.0 Throwing
 - Level 2.0 Armour
 - Level 2.4 Dodging


You had 4 spell levels left.
You didn't know any spells.

Dungeon Overview and Level Annotations

Branches:
Dungeon (4/15)
 Temple: D:4-7

Altars:
Fedhas
Gozag
Zin

Annotations:
D:3 2 exclusions, Grinder


Message History

The iguana is heavily wounded.
The iguana barely misses you.
You barely miss the iguana.
The iguana is heavily wounded.
The iguana bites you!
* * * LOW HITPOINT WARNING * * *
Drink which item? (? for menu, Esc to quit)
You feel better. The iguana barely misses you.
You barely miss the iguana.
The iguana is heavily wounded.
The iguana barely misses you. The iguana bites you.
* * * LOW HITPOINT WARNING * * *
You barely miss the iguana.
The iguana is heavily wounded.
The iguana bites you.
* * * LOW HITPOINT WARNING * * *
You closely miss the iguana.
The iguana is heavily wounded.
The iguana bites you!
You die...

#.# #.# #### #.# #.
##... #.# # ####....
### #.## ......#
##.#####<.###
#....###...........##
##...##........####..
##..)..........## ##.
#...l@..###...## ##.
#......>### ##.##
##># ..####..# #.#
##(## #..# #.# ##.##
##.# #.# #.## #.# #.#
##.## # #.#
#.###...### #.#
..##.......
.##..#####.


You could see an iguana.

Vanquished Creatures
  Ijyb (D:2)
  3 adders
  3 gnolls (D:3)
  An ooze (D:3)
  A worm (D:2)
  4 giant geckos
  8 orcs (D:3)
  19 goblins
  7 hobgoblins
  8 jackals
  2 quokkas
  5 ball pythons
  9 bats
  5 giant cockroaches
  2 giant newts
  14 kobolds
  9 rats
101 creatures vanquished.

Notes
Turn   | Place    | Note
--------------------------------------------------------------
     0 | D:1      | Hanyuu the Hill Orc Gladiator began the quest for the Orb.
     0 | D:1      | Reached XP level 1. HP: 18/18 MP: 1/1
   132 | D:1      | Reached XP level 2. HP: 22/25 MP: 2/2
   165 | D:1      | Reached skill level 5 in Axes
   353 | D:1      | Reached XP level 3. HP: 30/30 MP: 3/3
  1016 | D:2      | Reached skill level 1 in Armour
  1044 | D:2      | Found a blossoming altar of Fedhas.
  1074 | D:2      | Reached skill level 6 in Axes
  1082 | D:2      | Reached XP level 4. HP: 37/37 MP: 4/4
  1085 | D:2      | Noticed Ijyb
  1108 | D:2      | Killed Ijyb
  1481 | D:3      | Reached XP level 5. HP: 32/42 MP: 5/5
  1934 | D:3      | Noticed Grinder
  2059 | D:3      | Reached skill level 7 in Axes
  2397 | D:3      | Found an opulent altar of Gozag.
  2397 | D:3      | Found a glowing silver altar of Zin.
  2546 | D:4      | HP: 1/45 [iguana (7)]
  2550 | D:4      | Mangled by an iguana

Vault maps used:
D:1:      dpeg_arrival_rhombus, minmay_surrounded
D:2:      kennysheep_the_goblin_king, fedhas_altar_4
D:3:      grunt_temple_overflow_gold_and_silver, uniq_grinder
D:4:      minmay_temple_entry_butterflies, first_bread, uniq_menkaure

Action                   |  1- 3 |  4- 6 || total
-------------------------+-------+-------++-------
Melee: War axe           |    98 |   207 ||   305
  Use: Scroll            |       |     4 ||     4
       Potion            |       |     1 ||     1
 Stab: Sleeping          |     1 |       ||     1
  Eat: Chunk             |    10 |     5 ||    15
       Bread ration      |     1 |       ||     1
